 Dungeon Crawl Stone Soup version 0.31-a0-165-g3f4f80340b (webtiles) character file.

Game seed: 12163616354591112963

256 qw the Shooter (level 6, -3/38 HPs)
             Began as a Gargoyle Hunter on June 13, 2023.
             Was an Initiate of Okawaru.
             Slain by a gnoll
             ... wielding a +1 heavy spear
             ... led by a gnoll bouda
              (5 damage)
             ... on level 5 of the Dungeon.
             The game lasted 00:01:10 (2484 turns).

qw the Shooter (Gargoyle Hunter)                    Turns: 2484, Time: 00:01:11

Health: -3/38      AC:  9    Str: 14    XL:     6   Next: 15%
Magic:  6/6        EV: 11    Int: 10    God:    Okawaru [......]
Gold:   152        SH:  0    Dex: 21    Spells: 5/5 levels left

rFire   . . .        Y - +0 shortbow
rCold   . . .        (shield currently unavailable)
rNeg    + . .        g - +0 ring mail
rPois   inf          (no helmet)
rElec   +            (no cloak)
rCorr   .            (no gloves)
SInv    +            (no boots)
Will    .....        (no amulet)
Stlth   +            j - +6 ring of dexterity
HPRegen 0.26/turn    d - ring of see invisible
MPRegen 0.10/turn

%: no passive effects
@: no status effects
A: sickness immunity, AC +4, negative energy resistance 1, electricity
resistance, torment resistance 1, petrification resistance
a: Renounce Religion


You were on level 5 of the Dungeon.
You worshipped Okawaru.
Okawaru was noncommittal.
You visited 1 branch of the dungeon, and saw 6 of its levels.

You collected 152 gold pieces.


Innate Abilities, Weirdness & Mutations

You are immune to sickness and miasma.
Your stone body is resilient. (AC +4)
You are immune to poison.
You resist negative energy. (rN+)
You are resistant to electric shocks. (rElec)
You are resistant to unholy torment.
You are immune to petrification.


   Skills:
 - Level 4.0 Fighting
 + Level 6.3 Ranged Weapons
 - Level 1.0 Armour
 - Level 1.5 Dodging
 - Level 1.1 Stealth


You had 5 spell levels left.
You didn't know any spells.
Your spell library was empty.

Inventory:

Hand Weapons
 Y - a +0 shortbow (weapon)
Armour
 g - a +0 ring mail (worn)
Jewellery
 c - a ring of willpower
 d - a ring of see invisible (right hand)
 e - an amulet of guardian spirit
 j - a +6 ring of dexterity (left hand)
Scrolls
 i - a scroll of identify
Potions
 a - 2 potions of curing
 b - a potion of brilliance {unknown}
 f - a potion of attraction {unknown}
 h - a potion of degeneration {unknown}
 l - a potion of haste

Dungeon Overview and Level Annotations

Branches:
Dungeon (6/15)             Temple (0/1) D:4

Altars:
Cheibriados
Kikubaaqudgha
Okawaru
Ru
Sif Muna
Zin
The Shining One


Message History

You shoot an arrow. The arrow closely misses the orc.
The arrow hits the orc.
The orc is lightly wounded.
A gnoll comes into view. It is wielding a +0 spear.
The gnoll barely misses you.
The orc priest invokes the aid of Beogh against you.
Beogh smites you!
You shoot an arrow.
The arrow hits the orc but does no damage.
A gnoll comes into view. It is wielding a +0 flail.
The gnoll misses you.
You shoot an arrow. The arrow barely misses the orc priest.
The gnoll shouts!
The arrow hits the orc but does no damage.
The orc is lightly wounded.
The orc priest hits you but does no damage.
The orc hits you but does no damage.
2480 ||| Stepping ~*~*~tactically~*~*~ (outnumbered).
The orc priest attacks as you move away!
The orc priest barely misses you. The orc barely misses you.
You shoot an arrow. The arrow hits the orc priest.
The orc priest is heavily wounded.
The orc priest hits you but does no damage.
You shoot an arrow.
The arrow closely misses the orc priest.
The gnoll hits you from afar with a +1 heavy spear!
The orc priest hits you with a +0 hand axe.
The orc hits you with a +0 dagger. The orc hits you but does no damage. x2
The orc priest barely misses you.
You shoot an arrow. The arrow hits the orc priest!
The orc priest is almost dead.
The gnoll hits you from afar with a +1 heavy spear!
The orc barely misses you. x2
The orc priest mumbles some strange prayers to Beogh against you.
You barely resist. You shoot an arrow. The arrow hits the orc priest.
You kill the orc priest!
Okawaru accepts your kill.
The gnoll hits you from afar with a +1 heavy spear.
You die...

## .. ....# #..
.. ..... #.# ...
.....##.# ....
##......# #....
#......). .....
.......g##..#
.......o)gg.#
....##.@o#g..g..
........## g....
.......>.# ....
#.......## ...
......... ..
.....#.... .
.#.....#..#
#..#.# .## #####
##


You could see a gnoll bouda, 2 gnolls and 2 orcs.

Vanquished Creatures
  An orc priest (D:5)
  Terence (D:2)
  Natasha (thrice) (D:2)
  4 gnolls (D:4)
  4 adders
  2 worms
  4 dart slugs
  5 ball pythons
  3 bats
  2 endoplasms
  3 giant cockroaches (D:1)
  8 goblins
  10 hobgoblins
  2 quokkas
  3 frilled lizards
  5 kobolds
  9 rats
69 creatures vanquished.

Notes
Turn   | Place    | Note
-------+----------+-------------------------------------------
     0 | D:1      | qw the Gargoyle Hunter began the quest for the Orb.
     0 | D:1      | Reached XP level 1. HP: 12/12 MP: 1/1
     0 | D:1      | 0 ||| qw: Version: 0.2-a-29-gc1b59c4
     0 | D:1      | 0 ||| qw: Game counter: 4707
     0 | D:1      | 0 ||| qw: Always use a shield: true
     0 | D:1      | 0 ||| qw: God list: Okawaru
     0 | D:1      | 0 ||| qw: Allow faded altars: false
     0 | D:1      | 0 ||| qw: Do Orc after D:15 true
     0 | D:1      | 0 ||| qw: Do second Lair branch before Depths: true
     0 | D:1      | 0 ||| qw: Lair rune preference: random
     0 | D:1      | 0 ||| qw: Plans: Normal, Zot:1-4, Slime:5, God:TSO, Crypt,
                  | Tomb, Abyss, Pan, Hells, Win
     0 | D:1      | 0 ||| PLANNING D:1-11
    56 | D:1      | Reached XP level 2. HP: 16/17 MP: 2/2
   359 | D:1      | 359 ||| UPGRADING to +0 ring mail.
   369 | D:1      | 369 ||| DROPPING +0 leather armour.
   370 | D:1      | 370 ||| UPGRADING to amulet of guardian spirit.
   375 | D:1      | 375 ||| UPGRADING to ring of willpower.
   376 | D:1      | 376 ||| READING scroll labelled YDDOLA TOANTO.
   377 | D:1      | 377 ||| READING scroll labelled RAREIWEOBET.
   378 | D:1      | 378 ||| DROPPING scroll of butterflies.
   398 | D:2      | Reached XP level 3. HP: 21/21 MP: 3/3
   424 | D:2      | Reached skill level 1 in Armour
   455 | D:2      | Reached skill level 5 in Ranged Weapons
   560 | D:2      | Noticed Natasha
   561 | D:2      | 561 ||| Stepping ~*~*~tactically~*~*~ (water).
   578 | D:2      | Killed Natasha
   579 | D:2      | Reached skill level 3 in Fighting
   579 | D:2      | Reached XP level 4. HP: 20/28 MP: 1/4
   735 | D:2      | Noticed Natasha
   741 | D:2      | Killed Natasha
   889 | D:2      | Noticed Natasha
   904 | D:2      | Killed Natasha
   905 | D:2      | Reached XP level 5. HP: 14/32 MP: 1/5
  1036 | D:2      | Noticed Terence
  1047 | D:2      | 1047 ||| UPGRADING to ring of see invisible.
  1055 | D:2      | HP: 8/32 [Terence/+0 trident (5)]
  1056 | D:2      | Killed Terence
  1057 | D:2      | Reached skill level 6 in Ranged Weapons
  1288 | D:2      | 1288 ||| READING scroll labelled UNECYN RASM.
  1289 | D:2      | 1289 ||| DRINKING 2 purple potions.
  1453 | D:3      | Found a glowing silver altar of Zin.
  1510 | D:3      | Found a glowing golden altar of the Shining One.
  1615 | D:3      | Found an iron altar of Okawaru.
  1616 | D:3      | 1616 ||| PLANNING OKAWARU WORSHIP
  1616 | D:3      | 1616 ||| UPGRADING to +6 ring of dexterity.
  1618 | D:3      | 1618 ||| READING scroll labelled JOITI GISTA.
  1619 | D:3      | 1619 ||| READING scroll labelled TOEPRU ETOMI.
  1661 | D:3      | Became a worshipper of Warmaster Okawaru
  1661 | D:3      | 1661 ||| PLANNING D:1-11
  1662 | D:3      | 1662 ||| REMOVING amulet of guardian spirit.
  1755 | D:3      | Found a shimmering blue altar of Sif Muna.
  1785 | D:3      | 1785 ||| FLEEEEING.
  1786 | D:3      | 1786 ||| FLEEEEING.
  1787 | D:3      | 1787 ||| FLEEEEING.
  1788 | D:3      | 1788 ||| FLEEEEING.
  1789 | D:3      | 1789 ||| FLEEEEING.
  1790 | D:3      | 1790 ||| FLEEEEING.
  1959 | D:3      | Found a sacrificial altar of Ru.
  2081 | D:3      | Found an ancient bone altar of Kikubaaqudgha.
  2168 | D:3      | Found a faded altar of an unknown god.
  2189 | D:3      | Found a snail-covered altar of Cheibriados.
  2191 | D:3      | 2191 ||| READING scroll labelled MAAT UVVOFOHU.
  2260 | D:4      | Found a staircase to the Ecumenical Temple.
  2372 | D:4      | Reached XP level 6. HP: 36/38 MP: 6/6
  2411 | D:4      | 2411 ||| READING 2 scrolls labelled KOFRIZ LOGGICS.
  2412 | D:4      | 2412 ||| DRINKING 2 silvery potions.
  2413 | D:4      | 2413 ||| DROPPING scroll of vulnerability.
  2420 | D:4      | 2420 ||| STAIRDANCE
  2456 | D:4      | You fall into a shaft and drop 2 floors!
  2464 | D:6      | Noticed an ice beast
  2465 | D:6      | 2465 ||| FLEEEEING.
  2466 | D:6      | 2466 ||| FLEEEEING.
  2467 | D:6      | 2467 ||| STAIRDANCE
  2468 | D:5      | Entered Level 5 of the Dungeon
  2480 | D:5      | 2480 ||| Stepping ~*~*~tactically~*~*~ (outnumbered).
  2482 | D:5      | HP: 9/38 [orc priest/+0 hand axe (2)]
  2483 | D:5      | HP: 2/38 [gnoll/+1 heavy spear[a gnoll bouda] (7)]
  2484 | D:5      | Slain by a gnoll

Levels and vault maps discovered:
D:1:      amcnicky_arrival_choice, layout_rooms
D:2:      wander_river, layout_basic, kennysheep_generic_room_12, uniq_terence,
          uniq_natasha
D:3:      layout_loops_corners, lemuel_tele_altar,
          nicolae_overflow_ecumenical_swirl, okawaru_metal_pillars_3,
          tso_oasis_becter, nicolae_overflow_crystal_walls,
          mainiacjoe_overflow_paths, mainiacjoe_overflow_surrounded_room,
          minmay_fountain_box, chequers_serial_rivers_micro_c,
          minmay_goblin_kobold_house
D:4:      layout_basic, nicolae_uskayaw_en_pointe, minmay_temple_entry_poolview,
          minmay_misc_feat_room
D:5:      layout_cave_pools, kb_lookout_dungeons_type
D:6:      kb_forest_paths, layout_loops_ring, old_standard_altar,
          uniq_blork_the_orc

Skill      XL: |  1  2  3  4  5 |
---------------+----------------+-----
Armour         | 1 |  1.0
Ranged Weapons | 5 6 |  6.3
Fighting       | 3 4 |  4.0
Dodging        | |  1.5
Stealth        | |  1.1

Action                     |  1- 3 |  4- 6 || total
---------------------------+-------+-------++-------
   Fire: Shortbow          |   121 |   156 ||   277
    Use: Scroll            |     2 |     5 ||     7
         Potion            |       |     2 ||     2
 Armour: Leather armour    |     9 |       ||     9
         Ring mail         |     5 |    41 ||    46
  Dodge: Dodged            |    31 |    58 ||    89

Table legend:
 A = Non-vault XP
 B = Vault XP
 C = Vault XP percentage of total XP
 D = Non-vault monster count
 E = Vault monster count
 F = Vault count percentage of total count
                 A         B        C        D         E       F
            +---------+---------+-------+---------+---------+-------
      Total |     327 |      80 |  19.7 |      62 |       7 |  10.1
            +---------+---------+-------+---------+---------+-------
        D:1 |      33 |       0 |   0.0 |      19 |       0 |   0.0
        D:2 |     126 |      72 |  36.4 |      22 |       3 |  12.0
        D:3 |      59 |       8 |  11.9 |      12 |       4 |  25.0
        D:4 |      68 |       0 |   0.0 |       8 |       0 |   0.0
        D:5 |      41 |       0 |   0.0 |       1 |       0 |   0.0
            +---------+---------+-------+---------+---------+-------
